 Dungeon Crawl Stone Soup version 0.28-a0-998-gb9e9c7b67e (webtiles) character file.

Game seed: 10854683101249424996

1213 DrunkBamboolord the Chopper (level 8, -1/59 (65) HPs)
             Began as a Palentonga Fighter on Dec 6, 2021.
             Was a Follower of Okawaru.
             Slain by a bullfrog skeleton (3 damage)
             ... on level 6 of the Dungeon.
             The game lasted 00:14:33 (7520 turns).

DrunkBamboolord the Chopper (Palentonga Fighter)    Turns: 7520, Time: 00:14:34

HP:   -1/59 (65)    AC: 16    Str: 23    XL:     8   Next: 22%
MP:   8/8           EV:  7    Int:  8    God:    Okawaru [*.....]
Gold: 203           SH:  4    Dex:  9    Spells: 7/7 levels left

rFire   . . .      SeeInvis +   j - +2 hand axe (elec)
rCold   . . .      Faith    .   c - +0 buckler
rNeg    . . .      Spirit   .   b - +0 scale mail
rPois   .          Reflect  .   (no helmet)
rElec   .          Harm     .   h - +1 cloak
rCorr   .          Rampage  .   (no gloves)
Will    .....                   (no barding)
Stlth   ..........              (no amulet)
HPRegen 0.19/turn               (no ring)
MPRegen 0.11/turn               (no ring)

@: drained, curled up
A: large, rugged brown scales 3, see invisible, deformed body, roll 1, armoured
tail, reflexive curl
a: Rolling Charge, Renounce Religion, Heroism


You were on level 6 of the Dungeon.
You worshipped Okawaru.
Okawaru was aware of your devotion.
You visited 2 branches of the dungeon, and saw 7 of its levels.

You collected 315 gold pieces.
You spent 112 gold pieces at shops.

Inventory:

Hand Weapons
 a - a +0 war axe
 j - a +2 hand axe of electrocution (weapon)
Armour
 b - a +0 scale mail (worn)
 c - a +0 buckler (worn)
 h - a +1 cloak (worn)
Scrolls
 d - a scroll of blinking
 e - a scroll of amnesia
 i - 2 scrolls of identify
 k - a scroll of fear
 l - a scroll of silence
Potions
 f - a potion of flight


   Skills:
 * Level 4.8 Fighting
 * Level 6.8 Axes
 * Level 5.1 Armour
 * Level 3.6 Shields


You had 7 spell levels left.
You didn't know any spells.
Your spell library contained the following spells:

 Spells                   Type           Power      Damage    Failure   Level
 Pain                     Necr           0%         1d4       71%         1
 Ensorcelled Hibernation  Hex/Ice        0%         N/A       83%         2
 Agony                    Necr           0%         N/A       100%        5
 Excruciating Wounds      Necr           0%         N/A       100%        5
 Tukima's Dance           Hex            Unusable   N/A       N/A         3

Dungeon Overview and Level Annotations

Branches:
Dungeon (6/15)             Temple (1/1) D:4

Altars:
Cheibriados
Dithmenos
Elyvilon
Gozag
Hepliaklqana
Kikubaaqudgha
Nemelex Xobeh
Okawaru
Ru
Sif Muna
Trog
Uskayaw
Vehumet
Xom
Yredelemnul
Zin
The Shining One

Shops:
D:5 *

Portals:
Abyss: D:3

Annotations:
D:3 1 transporter, caleiya's ghost, amateur GrFi
D:4 2 transporters, fly's ghost, amateur DDFi


Innate Abilities, Weirdness & Mutations

You are completely covered in rugged brown scales. (AC +3, +7% HP)
You have supernaturally acute eyesight. (SInv)
Armour fits poorly on your strangely shaped body.
You can roll at nearby foes to attack.
You have a long armoured tail.
You curl defensively after being hit. (AC +7*)


Message History

The wight hits you with a +4 battleaxe.
* * * LOW HITPOINT WARNING * * *
You feel drained.
Blink to where?
Press: ? - help, Dir - move target, p - wight
As you read the scroll of blinking, it crumbles to dust.
Okay, then.
A wight is nearby!
A wight is nearby!
There is a stone staircase leading up here.
You climb upwards.
Level annotation: 2 transporters, fly's ghost, amateur DDFi
There is a stone staircase leading down here.
You start resting.
HP restored.
You climb downwards.
The wight closely misses you.
The wight hits you with a +3 scimitar of freezing!
You feel drained. The wight freezes you.
There is a stone staircase leading up, spattered with blood here.
The wight hits you with a +3 scimitar of freezing!
The wight freezes you.
You climb upwards.
Level annotation: 2 transporters, fly's ghost, amateur DDFi
There is a stone staircase leading down here.
The wight hits you with a +4 battleaxe.
You barely miss the wight.
Your tail-slap misses the wight.
The wight barely misses you.
You closely miss the wight.
Your tail-slap misses the wight.
The wight hits you with a +4 battleaxe!
* * * LOW HITPOINT WARNING * * *
There is a stone staircase leading down here.
The wight hits you with a +4 battleaxe!
* * * LOW HITPOINT WARNING * * *
You climb downwards.
There is a stone staircase leading up here.
Blink to where?
Press: ? - help, Dir - move target
As you read the scroll of blinking, it crumbles to dust.
You climb downwards.
The bullfrog skeleton hits you.
You die...

..# #####..##
......... .
#........ ..
.........
##.#####.....?..
..$.............
........@.......
........Z..#####
...........#
.....)...(...#
......>......#
.............#
.............#
.............#
######.......#


You could see a bullfrog skeleton.

Vanquished Creatures
  Sigmund (D:3)
  An orc warrior (D:2)
  A sky beast (D:4)
  A black bear (D:5)
  A wyvern zombie (D:4)
  A scorpion (D:3)
  A wight (D:5)
  An orc priest (D:5)
  A centaur skeleton (D:5)
  A hound (D:5)
  2 jellies (D:5)
  2 bullfrog skeletons
  An iguana (D:5)
  5 orc wizards
  11 gnolls
  5 adders
  An ufetubus (D:4)
  3 worms
  2 dart slugs (D:1)
  13 orcs
  4 bats
  11 endoplasms
  6 giant cockroaches
  5 goblins
  6 hobgoblins
  7 jackals (D:1)
  8 kobolds
  3 quokkas
  14 ball pythons
  2 frilled lizards
  6 rats
127 creatures vanquished.

Notes
Turn   | Place    | Note
-------+----------+-------------------------------------------
     0 | D:1      | DrunkBamboolord the Palentonga Fighter began the quest for
                  | the Orb.
     0 | D:1      | Reached XP level 1. HP: 19/19 MP: 1/1
   170 | D:1      | Reached XP level 2. HP: 25/25 MP: 2/2
   346 | D:1      | Reached XP level 3. HP: 26/31 MP: 3/3
   653 | D:1      | Found a faded altar of an unknown god.
  1245 | D:2      | Reached skill level 3 in Axes
  1245 | D:2      | Reached XP level 4. HP: 28/37 MP: 4/4
  1760 | D:3      | Noticed a scorpion
  1766 | D:3      | HP: 1/37 [scorpion (5)]
  2086 | D:3      | Killed a scorpion
  2087 | D:3      | Reached XP level 5. HP: 40/44 MP: 5/5
  2324 | D:3      | Found a shadowy altar of Dithmenos.
  2493 | D:2      | Reached skill level 4 in Axes
  3063 | D:3      | Found a one-way gate to the infinite horrors of the Abyss.
  3063 | D:3      | Noticed caleiya's ghost (amateur GrFi)
  3069 | D:3      | Found a transporter.
  3073 | D:3      | Noticed a small abomination
  3112 | D:3      | Noticed Sigmund
  3113 | D:3      | Killed Sigmund
  3114 | D:3      | Reached XP level 6. HP: 51/51 MP: 6/6
  3178 | D:3      | Found a transporter.
  3178 | D:3      | Noticed a small abomination
  3598 | D:3      | Noticed a small abomination
  3638 | D:4      | Found an opulent altar of Gozag.
  3639 | D:4      | Found a glowing silver altar of Zin.
  3639 | D:4      | Found a snail-covered altar of Cheibriados.
  3957 | D:4      | Reached skill level 5 in Axes
  4037 | D:4      | Found a staircase to the Ecumenical Temple.
  4055 | Temple   | Entered the Ecumenical Temple
  4064 | Temple   | Became a worshipper of Warmaster Okawaru
  4090 | D:4      | Noticed fly's ghost (amateur DDFi)
  4117 | D:4      | Found a transporter.
  4146 | D:4      | Found a glowing golden altar of the Shining One.
  4214 | D:4      | Found a transporter.
  4937 | D:5      | Entered Level 5 of the Dungeon
  4938 | D:5      | Noticed an orc warrior
  4958 | D:4      | Gained mutation: You curl defensively after being hit. (AC
                  | +7*) [Palentonga growth]
  4958 | D:4      | Reached XP level 7. HP: 38/57 MP: 7/7
  6196 | D:5      | Reached skill level 6 in Axes
  6347 | D:5      | Found Rotead's General Store.
  6355 | D:5      | Bought a scroll of enchant armour for 112 gold pieces
  6392 | D:5      | Reached * piety under Okawaru
  6394 | D:5      | Reached XP level 8. HP: 54/65 MP: 8/8
  7061 | D:2      | Reached skill level 5 in Armour
  7516 | D:4      | HP: 1/59 [wight (16)]
  7520 | D:6      | Slain by a bullfrog skeleton

Illustrated notes

Levels and vault maps discovered:
D:1:      matt_arrival_grand_opening, layout_basic,
          hellmonk_ecumenical_altar_heavens_door
D:2:      layout_rooms, minmay_misc_feat_more_columns, minmay_pentomino_x4
D:3:      layout_loops_corners, lemuel_doored_altar,
          gammafunk_ghost_abyssal_escape, chequers_hall_statues_y, uniq_sigmund
D:4:      layout_loops_ring, mainiacjoe_overflow_surrounded_room,
          chequers_temple_overflow_statue_of_worship,
          minmay_temple_entry_stoned_glass, gammafunk_ghost_stat_death,
          gup_sewer_entry_spiral, minmay_quadrilaterals
D:5:      layout_basic, serial_shops, shop, hex_medium,
          minmay_misc_feat_secret_circle
D:6:      layout_rooms, grunt_qazlal_clouds
Temple:   nicolae_temple_no_exploring_needed

Skill      XL: |  1  2  3  4  5  6  7  8 |
---------------+-------------------------+-----
Axes           | 3 4 5 6 |  6.8
Armour         | 3 4 5 |  5.1
Shields        | 3 |  3.6
Fighting       | 4 |  4.8

Action                   |  1- 3 |  4- 6 |  7- 9 || total
-------------------------+-------+-------+-------++-------
Melee: War axe           |    98 |   147 |    34 ||   279
       Tailslap          |    14 |    15 |    10 ||    39
       Hand axe          |       |       |    74 ||    74
 Abil: Rolling Charge    |    33 |    21 |    14 ||    68
  Use: Scroll            |     3 |     6 |     7 ||    16
       Potion            |       |     2 |     2 ||     4
Armor: Scale mail        |    54 |    89 |    72 ||   215
       Skin              |       |    38 |       ||    38
Dodge: Dodged            |    27 |    61 |    40 ||   128
Block: Buckler           |    12 |    40 |    17 ||    69

Table legend: (Time is in decaauts)
 A = Elapsed time spent in this place.
 B = Non-inter-level travel time spent in this place.
 C = Inter-level travel time spent in this place.
 D = Time resting spent in this place.
 E = Time spent auto-exploring this place.
 F = Levels seen in this place.
 G = Mean time per level.
                   A        B        C        D        E       F      G
               +--------+--------+--------+--------+--------+-----+--------+
         Total |   7665 |   7163 |    502 |   1820 |   3898 |   7 | 1095.0 |
       Dungeon |   7648 |   7152 |    496 |   1820 |   3898 |   6 | 1274.7 |
        Temple |     16 |     10 |      6 |      0 |      0 |   1 |   16.0 |
               +--------+--------+--------+--------+--------+-----+--------+

Top non-repeatable levels by time:
     D:3: 2230 daAuts
     D:4: 2091 daAuts
     D:2: 1305 daAuts
     D:5: 1156 daAuts
     D:1: 853 daAuts
  Temple: 16 daAuts
     D:6: 10 daAuts
